AoeStats
← Audi_13

Baltic

510574890Analyzed
2v2 RM · 14h ago on Oct 1, 2026· 20m 42s· 4 players
Game mode
Random Map
Map size
Medium (4 player)
Population
200
Speed
Normal
Resources
Standard
Victory
Conquest
Starting age
Dark Age
Ending age
Imperial Age
RankedLock teamsTeams togetherTeam positionsShared explorationLock speedFull tech treeHidden civsTurbo modeCheats
Victory
Defeat
🇨🇱 Vikings · Chile
1459
+10
🇺🇦 Dravidians · Ukraine
1361
+14
🇨🇦 Japanese · Canada
1378
-14
🇩🇪 Saracens · Germany
1259
-10
Audi_13
7:36 Loom
10:51 Feudal Age
16:30 Castle Age
14:41 Padded Archer Armor
14:31 Fletching
16:53 Elite Skirmisher
18:24 Bodkin Arrow
AP10
5:50 Loom
10:13 Feudal Age
11:39 Double-Bit Axe
16:47 Horse Collar
17:11 Fletching
Liquidator
3:13 Loom
8:33 Feudal Age
8:48 Loom
9:01 Double-Bit Axe
13:13 Fletching
15:01 Padded Archer Armor
Jaha
6:43 Loom
11:10 Feudal Age
11:43 Town Watch
12:18 Double-Bit Axe
17:00 Fletching
18:29 Horse Collar
20:20 Forging
Connection lost

Rejoining the realm…

Still unreachable

The connection could not be restored.

Session expired

The server has moved on; the page needs a fresh start.